Map: Prion Terraces

Players

MrFriDGE

  • Race: Protoss Protoss

Miszu - Winner!

  • Race: Terran Terran
  • League: Grandmaster

VOD

Have the link to the VOD?

Description

Time

  • Played on: May 20, 2016, 10:55 a.m.
  • Length: 2:39
Show
View Real Time Build Order
Export as new Build Order

MrFriDGE Protoss 

Build Orders:  

Get SALT Encoding   

  12  0:01  Probe (Chrono Boost)  
  13  0:15  Probe (Chrono Boost)  
  13  0:19  Assimilator  
  14  0:26  Probe (Chrono Boost)  
  15  0:32  Pylon  
  15  0:51  Probe (Chrono Boost)  
  15  0:52  Gateway  
  16  0:59  Pylon  
  16  1:01  Probe (Chrono Boost)  
  17  1:12  Probe (Chrono Boost)  
  17  1:16  Forge  
  18  1:22  Probe (Chrono Boost)  
  19  1:33  Probe (Chrono Boost)  
  20  1:40  Cybernetics Core  
  20  1:43  Probe (Chrono Boost)  
  21  1:50  Gateway  
  21  2:00  Assimilator  
  21  2:13  Photon Cannon  
  21  2:31  Pylon  
Show
View Real Time Build Order
Export as new Build Order

Miszu Terran - Winner!

Build Orders:  

Get SALT Encoding   

  12  0:00  SCV  
  13  0:12  SCV  
  14  0:18  Supply Depot  
  14  0:25  SCV  
  15  0:40  Barracks  
  15  0:52  Barracks  
  15  1:05  Barracks  
  15  1:27  Marine  
  15  1:30  Barracks  
  16  1:39  Marine  
  17  1:40  Supply Depot  
  17  1:47  Marine  
  17  1:51  Marine  
  19  1:57  Marine  
  20  2:04  Marine  
  21  2:09  Marine  
  21  2:14  Marine  
  23  2:17  Marine  
Tags
 
Add a new tag
Caveats
  • Supply blocks, unpowered buildings, or Contaminate may cause inaccurate times.
  • Supply counts are checked every 10 seconds.